Cogmind - Beta 15 --- EXPLORER MODE // 2025.05.26 @ 01:22:03 Player: Wilfey Result: Destroyed by ZW-7LG(R) with Subdweller Beam Cannon Performance ------------- Evolutions (0) 0 Regions Visited (3) 600 Robots Destroyed (33) 165 Value Destroyed (992) 992 Prototype IDs (3) 60 Alien Tech Used (0) 0 Bonus (90) 90 TOTAL SCORE: 1907 Bonus ------- Follower Combat Kills 90 Cogmind --------- Core Integrity 0/250 Matter 281/300 Energy 265/265 System Corruption 0% Temperature Cool (9) Movement Rolling (120) Ox1 Location -10/Subcaves Parts ------- > --- POWER (1) -------- Improved Ion Engine > --- PROPULSION (2) --- Subdweller Monowheel Subdweller Monowheel > --- UTILITY (3) ------ High-capacity Storage Unit Subdweller Optics Targeting Computer > --- WEAPON (2) ------- Improved Assault Rifle Heavy Hammer > --- INVENTORY (20) --- Improved Heat Sink Large Battery (200) Large Matter Pod (150) Visual Processing Unit Scrap Shield Sensor Drone Bay Datajack Peak State ------------ > --- POWER ------------ Improved Ion Engine > --- PROPULSION ------- Subdweller Monowheel Subdweller Monowheel > --- UTILITY ---------- High-capacity Storage Unit Subdweller Optics Targeting Computer > --- WEAPON ----------- Improved Assault Rifle Heavy Hammer > --- INVENTORY -------- Improved Heat Sink Large Battery Large Matter Pod Visual Processing Unit Scrap Shield Sensor Drone Bay Datajack [Rating: 17] Favorites ----------- Power Improved Ion Engine Engine Improved Ion Engine Propulsion Light Treads Treads Light Treads Wheel Subdweller Monowheel Utility Targeting Computer Device Subdweller Optics Storage High-capacity Storage Unit Processor Targeting Computer Protection Light Armor Plating Weapon Improved Assault Rifle Energy Gun Medium Laser Ballistic Gun Improved Assault Rifle Ballistic Cannon Light Cannon Impact Weapon Heavy Hammer Build | -11 -10 -10 -10 ------- Run | Yrd Mat Min Sub Slots Evolved 1 | . 1 . . Power . | . . . . Propulsion . | . . . . Utility 1 | . 1 . . Weapon . | . . . . Parts Attached 19 | 7 6 . 6 Power 3 | 1 1 . 1 Engine 3 | 1 1 . 1 Core . | . . . . Reactor . | . . . . Propulsion 4 | 2 . . 2 Treads 2 | 2 . . . Leg . | . . . . Wheel 2 | . . . 2 Hover . | . . . . Flight . | . . . . Utility 5 | 2 2 . 1 Device 1 | . . . 1 Storage 2 | 1 1 . . Processor 1 | . 1 . . Hackware . | . . . . Protection 1 | 1 . . . Artifact . | . . . . Weapon 7 | 2 3 . 2 Energy Gun 1 | 1 . . . Energy Cannon . | . . . . Ballistic Gun 4 | 1 2 . 1 Ballistic Cannon 1 | . 1 . . Launcher . | . . . . Special Weapon . | . . . . Impact Weapon 1 | . . . 1 Slashing Weapon . | . . . . Piercing Weapon . | . . . . Special Melee Weapon . | . . . . Unidentified Prototypes 1 | . 1 . . Parts Lost 6 | . . . 6 Power 1 | . . . 1 Propulsion 2 | . . . 2 Utility 1 | . . . 1 Weapon 2 | . . . 2 Highest Loss Streak 4 | . . . 4 To Critical Strikes 1 | . . . 1 Average Backups 6 | . 5 8 8 Power . | . . 1 . Propulsion . | . . . . Utility 4 | . 3 4 5 Weapon 1 | . 1 2 1 Tool/Special . | . . . . Unused Backups 9 | . 2 . 7 Power . | . . . . Propulsion . | . . . . Utility 7 | . 1 . 6 Weapon 1 | . 1 . . Tool/Special 1 | . . . 1 Average Slot Usage (%) 98 | . 99 100 86 Engine 11 | . 11 12 11 Treads 23 | . 24 25 12 Wheel 1 | . . . 8 Storage 12 | . 12 12 12 Processor 12 | . 12 12 12 Protection 10 | . 11 12 3 Energy Gun 2 | . 5 . . Ballistic Gun 18 | . 13 25 19 Ballistic Cannon 2 | . 5 . . Peak Build Rating 17 | 7 14 15 17 Average Rating 12 | 5 11 14 14 On Entrance 9 | . 7 14 15 Naked Turns . | . . . . Heaviest Build 56 | 21 56 56 56 Greatest Support 40 | 40 40 40 40 Greatest Overweight (x) 17 | . 2 1 17 Average Overweight (x) . | . . 1 1 Largest Inventory Capacity 20 | 10 20 20 20 Average Capacity 17 | 8 14 20 20 Most Carried 12 | 1 8 9 12 Average Carried 7 | . 5 8 9 Final Capacity 20 | 10 20 20 20 Final Carried 9 | 1 7 9 8 Class Distribution -------------------- 100% | Hacker-Mutant Dominant Class ---------------- Hacker-Mutant | -10/Materials Hacker-Mutant | -10/Mines Hacker-Mutant | -10/Subcaves Resources | -11 -10 -10 -10 ----------- Run | Yrd Mat Min Sub Matter Collected 1079 | 189 603 24 263 Remotely . | . . . . Salvage Created 1085 | . 827 123 135 Parts 62 | . 40 11 11 Haulers Intercepted 2 | . 2 . . Recyclers Shooed . | . . . . Parts Field Recycled . | . . . . Retrieved Matter . | . . . . Parts Self-Destructed . | . . . . Prevented . | . . . . Kills | -11 -10 -10 -10 ------- Run | Yrd Mat Min Sub Combat Hostiles Destroyed 27 | . 19 4 4 Guns 16 | . 8 4 4 Cannons 11 | . 11 . . Classes Destroyed 6 | . 5 . 1 Hauler 2 | . 2 . . Recycler 1 | . 1 . . Watcher 3 | . 3 . . Swarmer 4 | . 2 2 . Grunt 19 | . 17 2 . Subdweller 4 | . . . 4 Best Kill Streak 7 | . 7 2 3 Combat Bots Only 4 | . 4 2 3 Max Kills in Single Turn 2 | . 1 2 1 Gunslinging 1 | . . 1 . Exploded . | . . . . Melee . | . . . . Uniques/NPCs Destroyed . | . . . . Combat | -11 -10 -10 -10 -------- Run | Yrd Mat Min Sub Hostile Shots Fired 115 | . 45 5 65 Missed 27 | . 15 . 12 Hits 88 | . 30 5 53 Projectile 88 | . 30 5 53 AOE 1 | . . . 1 Critical Strikes 4 | . . . 4 Damage Taken 1072 | . 273 37 762 Core 264 | . 71 . 193 Absorbed by Shields . | . . . . Ignored by Resistances 645 | . 171 24 450 Core Remaining (%) 100 | 100 . . . Volleys Fired 114 | . 63 4 47 Largest 2 | . 2 2 2 Hottest 80 | . 80 46 46 Shots Fired 210 | . 123 8 79 Gun 159 | . 72 8 79 Cannon 51 | . 51 . . Launcher . | . . . . Special . | . . . . Kinetic 162 | . 75 8 79 Thermal 48 | . 48 . . Explosive . | . . . . Electromagnetic . | . . . . Robot Hit Streak 45 | . 42 9 45 Robot Miss Streak 1 | . 1 . 1 Penetration Max . | . . . . Secondary Targets 2 | . . 1 1 Max Gunslinging Chain 1 | . . 1 1 Shots Hit Robots 180 | . 98 7 75 Core Hits 57 | . 43 6 8 Critical Kills . | . . . . Critical Parts Destroyed . | . . . . Critical Strikes 3 | . 3 . . Burn 2 | . 2 . . Blast 1 | . 1 . . Melee Attacks 7 | . . . 7 Impact 7 | . . . 7 Slashing . | . . . . Piercing . | . . . . Sneak Attacks . | . . . . Combat Hostiles . | . . . . Follow-up Attacks . | . . . . Damage Inflicted 2087 | . 1541 119 427 Guns 1346 | . 809 110 427 Cannons 717 | . 717 . . Explosions . | . . . . Melee . | . . . . Ramming 24 | . 15 9 . Kinetic 1577 | . 1040 110 427 Thermal 486 | . 486 . . Explosive . | . . . . Electromagnetic . | . . . . Impact . | . . . . Slashing . | . . . . Piercing . | . . . . Highest Corruption . | . . . . Average Corruption . | . . . . Corruption Purged . | . . . . Corruption Blocked . | . . . . Overload Shots . | . . . . Overflow Damage . | . . . . Projectiles . | . . . . Explosions . | . . . . Melee . | . . . . Knockbacks 5 | . 5 . . Impact . | . . . . Kinetic 4 | . 4 . . Secondary 1 | . 1 . . Self-Inflicted Damage . | . . . . Shots . | . . . . Rammed 5 | . 2 3 . Targets Rammed 5 | . 2 3 . Kicked . | . . . . Crushed . | . . . . Highest Temperature 229 | . 229 15 160 Average Temperature 66 | . 67 11 98 Received Heat Transfer 709 | . 201 27 481 Siege Activations . | . . . . Martial Activations . | . . . . Shielding Activations . | . . . . Robots Disrupted . | . . . . Combat Hostiles . | . . . . Robots Corrupted . | . . . . Combat Hostiles . | . . . . Parts Fried . | . . . . Impact Corruptions . | . . . . Robots Melted . | . . . . Combat Hostiles . | . . . . Parts Melted 5 | . 2 . 3 Heat Transferred 1591 | . 1591 . . Parts Sabotaged . | . . . . Parts Stolen . | . . . . Parts Stripped . | . . . . Power Chain Reactions . | . . . . Alert | -11 -10 -10 -10 ------- Run | Yrd Mat Min Sub Maximum Alert Level . | . . . . Low Security (%) 100 | 100 100 100 . Level 1 . | . . . . Level 2 . | . . . . Level 3 . | . . . . Level 4 . | . . . . Level 5 . | . . . . High Security . | . . . . Max Security . | . . . . Peak Influence 103 | . 103 52 . Initial . | . . . . Average 6 | . 10 1 . Influence Increases 625 | . 523 102 . Destroy 0b10 Robot/C 460 | . 380 80 . Destroy 0b10 Robot/NC 30 | . 30 . . Destroy Leader 110 | . 90 20 . Allied During Kill 2 | . . 2 . Successful Hack 18 | . 18 . . Disable Machine 4 | . 4 . . Destroy Structure 1 | . 1 . . Influence Decreases 625 | . 523 102 . Time Decay 625 | . 523 102 . Squads Dispatched 2 | . 2 . . Investigation 2 | . 2 . . Extermination . | . . . . Reinforcement . | . . . . Assault . | . . . . Garrison . | . . . . Intercept . | . . . . Searches Triggered . | . . . . Construction Impeded . | . . . . Haulers Reinforced . | . . . . Active Scanning Responses . | . . . . Cargo Convoy Interrupts . | . . . . Stealth | -11 -10 -10 -10 --------- Run | Yrd Mat Min Sub Distress Signals 1 | . 1 . . Communications Jammed . | . . . . Distress Signals . | . . . . Times Spotted 43 | . 22 4 17 Peak Tracking Total 11 | . 3 2 11 Tactical Retreats 1 | . . . 1 Traps | -11 -10 -10 -10 ------- Run | Yrd Mat Min Sub Traps Triggered 4 | . 4 . . Indirectly . | . . . . Trap Hack Attempts . | . . . . Triggered . | . . . . Disarmed . | . . . . Reprogrammed . | . . . . Reused . | . . . . Traps Extracted . | . . . . Installed . | . . . . Triggered . | . . . . Machines | -11 -10 -10 -10 ---------- Run | Yrd Mat Min Sub Machines Disabled 1 | . 1 . . Max in Single Turn 1 | . 1 . . Machines Repaired . | . . . . Machines Dismantled . | . . . . Machines Sabotaged . | . . . . Overloaded Fab Kills . | . . . . Hacking | -11 -10 -10 -10 --------- Run | Yrd Mat Min Sub Machines Accessed 10 | . 9 1 . Terminals 8 | . 8 . . Fabricators . | . . . . Repair Stations . | . . . . Recycling Units 1 | . 1 . . Scanalyzers . | . . . . Garrison Access . | . . . . Total Hacks 31 | . 30 1 . Successful 19 | . 18 1 . Failed 12 | . 12 . . Catastrophic . | . . . . Database Lockouts . | . . . . Manual 22 | . 22 . . Terminals 28 | . 28 . . Fabricators . | . . . . Repair Stations . | . . . . Recycling Units 2 | . 2 . . Scanalyzers . | . . . . Garrison Access . | . . . . Terminal Hacks 9 | . 8 1 . Record 1 | . 1 . . Robot Analysis 1 | . 1 . . Prototype ID Bank 1 | . 1 . . Open Door 1 | . . 1 . Level Access Points 1 | . 1 . . Branch Access Points 1 | . 1 . . Terminal Index 1 | . 1 . . Unreport Threat 1 | . 1 . . Locate Traps 1 | . 1 . . Fabricator Hacks . | . . . . Repair Station Hacks . | . . . . Recycling Unit Hacks 2 | . 2 . . Report Inventory 1 | . 1 . . Retrieve Components 1 | . 1 . . Scanalyzer . | . . . . Garrison Access Hacks . | . . . . Unauthorized Hacks 8 | . 8 . . Terminals 8 | . 8 . . Botnet 8 | . 8 . . Fabricators . | . . . . Repair Stations . | . . . . Recycling Units . | . . . . Scanalyzers . | . . . . Garrison Access . | . . . . Data Cores Recovered . | . . . . Used . | . . . . Hacking Detections 8 | . 8 . . Full Trace Events 3 | . 3 . . Feedback Events . | . . . . Feedback Blocked . | . . . . Robot Schematics Acquired . | . . . . Robots Built . | . . . . Authchips . | . . . . Time . | . . . . Total Robot Build Rating . | . . . . Part Schematics Acquired . | . . . . Parts Built . | . . . . Authchips . | . . . . Time . | . . . . Total Part Build Rating . | . . . . Parts Repaired . | . . . . Time . | . . . . Parts Recycled . | . . . . Recycled Matter . | . . . . Retrieved Matter . | . . . . Retrieved Components 2 | . 2 . . Parts Scanalyzed . | . . . . Part Schematics Acquired . | . . . . Parts Damaged . | . . . . Bothacking | -11 -10 -10 -10 ------------ Run | Yrd Mat Min Sub Used RIF Installer . | . . . . Robots Hacked . | . . . . Non-combat . | . . . . Combat . | . . . . Robot Hacks Applied . | . . . . Relay Couplers Released . | . . . . Fabnet Peak Effective % . | . . . . Robots Rewired . | . . . . Allies Hacked . | . . . . Hacks Repelled . | . . . . Allies | -11 -10 -10 -10 -------- Run | Yrd Mat Min Sub Total Allies 3 | . . 3 . Largest Group 3 | . . 3 3 Highest-Rated Group 40 | . . 40 40 Highest-Rated Ally 16 | . . 16 16 Total Orders . | . . . . Ally Attacks 16 | . . . 16 Total Damage 199 | . . . 199 Kills 3 | . . . 3 Allies Corrupted . | . . . . Allies Melted 1 | . . . 1 Intel | -11 -10 -10 -10 ------- Run | Yrd Mat Min Sub Active Infowar (turns) 47 | . . . 47 Optics 47 | . . . 47 Robot Analysis Total 1 | . 1 . . Derelict Logs Recovered 1 | . . . 1 Drone Launches . | . . . . Drone Recoveries . | . . . . Exploration | -11 -10 -10 -10 ------------- Run | Yrd Mat Min Sub Turns Passed 4878 | 73 2338 1826 641 Spaces Moved 1944 | 42 896 746 260 Core 9 | 4 . . 5 Treads 1787 | 38 896 746 107 Legs . | . . . . Wheels 148 | . . . 148 Hover . | . . . . Flight . | . . . . Fastest Speed 50 | 50 160 240 120 Average Speed 207 | 149 189 240 183 Slowest Speed 900 | 160 320 240 900 Overloaded Moves . | . . . . Propulsion Burnouts . | . . . . Robots Hopped . | . . . . Potential Cave-ins . | . . . . Cave-ins Triggered . | . . . . Exploration Rate (%) 57 | 5 99 96 30 Regions Visited 3 Branch Regions 2 Pre-discovered Areas . | . . . . Known Exits Taken 3 | 1 1 1 . Unknown Exits Taken . | . . . . Scrap Searched . | . . . . Spaces Dug . | . . . . Terrain Destroyed . | . . . . Melee . | . . . . Projectile . | . . . . AOE . | . . . . Terrain Rammed . | . . . . Walls Destroyed . | . . . . Machines Disabled . | . . . . Actions | -11 -10 -10 -10 --------- Run | Yrd Mat Min Sub Total 2564 | 49 1413 770 332 Wait 451 | . 426 16 9 Move 1941 | 41 895 745 260 Hop . | . . . . Pick Up 14 | 1 10 2 1 Fast Attach 18 | 7 8 . 3 Attach 5 | . 1 . 4 Detach 1 | . . . 1 Swap 1 | . 1 . . Drop 7 | . 7 . . Fire 114 | . 63 4 47 Melee 7 | . . . 7 Ram . | . . . . Kick . | . . . . Crush 5 | . 2 3 . Escape Stasis . | . . . . Rewire . | . . . . Trap . | . . . . Miscellaneous . | . . . . Route ------- -11/Scrapyard -10/Materials (discovered 4 exits: *Mat x3 / *Min) -10/Mines (discovered 3 exits: *Mat / *Exi / *Sub) -10/Subcaves (discovered 1 exit: *Mat) History --------- Turn | Location | Event 16 | -11/Scrapyard | Identified exit to Materials 16 | -11/Scrapyard | Discovered exit to Materials (range 14) 74 | -11/Scrapyard | Entered Materials 74 | -10/Materials | Evolved 1 slot: Utility x1 302 | -10/Materials | Build established: Hacker-Mutant 337 | -10/Materials | Identified exit to Materials 337 | -10/Materials | Discovered exit to Materials (range 16) 367 | -10/Materials | Discovered exit to Materials (range 15) 939 | -10/Materials | Discovered exit to Materials (range 9) 1174 | -10/Materials | Derelicts attacked the area 1320 | -10/Materials | Identified exit to Mines 1320 | -10/Materials | Discovered exit to Mines (range 16) 2412 | -10/Materials | Entered Mines 2449 | -10/Mines | Met a Derelict bent on vengeance 2561 | -10/Mines | Discovered exit to Materials (range 6) 2628 | -10/Mines | Found the Drone Emporium 2641 | -10/Mines | Found Prototype Device 3080 | -10/Mines | Assisted by bots powering up and referring to "LRC-V3" 3133 | -10/Mines | Deemed a non-threat by the Exiles lab entrance 3133 | -10/Mines | Identified exit to Exiles 3133 | -10/Mines | Discovered exit to Exiles (range 5) 3616 | -10/Mines | Identified exit to Subcaves 3616 | -10/Mines | Discovered exit to Subcaves (range 5) 4238 | -10/Mines | Entered Subcaves 4238 | -10/Subcaves | Accompanied by 3 allies 4239 | -10/Subcaves | Approached by a straggling Scientist 4244 | -10/Subcaves | Shifting Twisted Machinery released Sub. Power Source 4253 | -10/Subcaves | Learned Materials interactive machine intel 4400 | -10/Subcaves | Ambushed by swarm of Subdwellers 4402 | -10/Subcaves | Ambushed by Subdwellers from Twisted Machinery 4402 | -10/Subcaves | Ambushed by Subdwellers from Twisted Machinery 4402 | -10/Subcaves | Ambushed by Subdwellers from Twisted Machinery 4402 | -10/Subcaves | Ambushed by Subdwellers from Twisted Machinery 4446 | -10/Subcaves | Lost 5 allies 4544 | -10/Subcaves | Core integrity fell below 50% 4613 | -10/Subcaves | Core integrity fell below 20% 4645 | -10/Subcaves | Lost 4 parts (1p1n2w) 4807 | -10/Subcaves | Identified exit to Materials 4807 | -10/Subcaves | Discovered exit to Materials (range 13) 4879 | -10/Subcaves | Destroyed by ZW-7LG(R) with Subdweller Beam Cannon Last Messages --------------- 04535_ Lgt. Treads destroyed. 04600_ Imp. Assault Rifle destroyed. 04610_ Imp. Ion Engine destroyed. 04614_ Imp. Assault Rifle destroyed. 04619_ UU-9TQ(R) suffers critical hit (Burn). 04623_ UU-9TQ(R) destroyed. 04634_ Acquired 133 matter. 04661_ Acquired Sub. Monowheel. 04675_ Acquired 43 matter. 04681_ Acquired 4 matter. 04807_ EXIT=FOUND: MATERIALS 04815_ HQ-Q02(g) suffers critical hit (Meltdown). 04815_ LN-PPY(R) suffers critical hit (Burn). 04815_ LN-PPY(R) destroyed. 04819_ Disposable Heat Sink melted. 04819_ Sub. Monowheel melted. 04819_ XC-7JB(R) destroyed. 04826_ Acquired 18 matter. 04832_ Acquired Sub. Optics. Map ----- +----------------------------------------------------+ | ????????? ##???????????#*& ##????????? | | ????????? #??????###### ##????????? | | ????????? ##????## ?# ""#????????? | | ?????????# ##?### #### " #????????? | | ?????????? ### ## ##????????? | | ?????????? ## < #?????????? | | ?????????????# ## # # #????????? | | ??????????????# ## ### #????????? | | ???????????????# ##?## #????????? | | ????????????????#### ##??#" #????????? | | ???????????????????## """#"##""##????????? | | ????????????????????# ##?????????? | | ????????????????????# # #??????????? | | ???????????????????## ##### # #??????????? | | ???????????????????# #????##? ????????? | | ???????????????????# #### #??????? #???????? | | ???????????????????# ##??## #??###??######???????? | | ???????????????????# #????# #? ###?????????????? | | ???????????????????# #????# ## ##????????????? | | ???????????????????# ##???# #????????????? | | ???????????????????# #### ### #???????? | | ???????????????????## # #???????? | | ????????????????????## #????????? | | ?????????????????????## #????????? | | ??????????????????????###g #????????? | | ????????????????????????#@ #????????? | | ???????????????????????# #????????? | | ??????????????????????# ### ##????????? | | ??????????????????????# R #?????????????? | | ??????????????????????# #????????????? | | ??????????????????????## #????????????? | | ???????????????????????## #????????????? | | ????????????????????????# #######????????????? | | ???????????????????????? #??????????????????? | | ???????????????????????? ??????????????????? | | ???????????????????????? ?????????????????? | | ???????????????????????? ?????????????????? | | ???????????????????????? ????????????????? | | ???????????????????????? ????????????????? | | ???????????????????????? ???????????????? | | ???????????????????????? ???????????????? | | ???????????????????????? ??????????????? | | ???????????????????????? ??????????????? | | ???????????????????????? ## ????????????????? | | ???????????????????????? #?? ???????????????????? | | ???????????????????????? ????????????????????????? | | ?????????????????????????????????????????????????? | | ?????????????????????????????????????????????????? | | ?????????????????????????????????????????????????? | | ?????????????????????????????????????????????????? | +----------------------------------------------------+ Best States ------------- Heat Dissipation 25 Energy Generation 12 Energy Capacity 265 Matter Stores 300 Matter Capacity 300 Sight Range 21 Terrain Scan Density 10 Armor Coverage 150 Resistance: KI 35 Resistance: TH 35 Resistance: EX 35 Resistance: EM 35 Resistance: I 35 Resistance: S 35 Resistance: P 35 Evasion (%) 40 Targeting Accuracy 5 Recoil Reduction 2 Offensive Hacking 20 Item Schematics ----------------- None Robot Schematics ------------------ None Fabricated ------------ Nothing Repaired ---------- Nothing Alien Tech Used ----------------- None Achievements -------------- None Challenges ------------ None Game ------ Seed CloakingBraceCore Manual? 0 Play Time 00:23:40 Cumulative 63.1 hours Start 2025.05.26 @ 00:59:56 End 2025.05.26 @ 01:22:03 Sessions 1 Manual Loads 0 Difficulty Explorer Special Mode None Game No. 17 Rogue 0 Adventurer 12 Explorer 5 Win Type - Total 0 Types 0/0/0/0/0/0/0/0/0/0 Lore% 21 Gallery% 35 Achievement% 44 Wizard Run 0 Options --------- Layout 1 ASCII 0 Keyboard 0 Movement Mouse Keybinds 0 Fullscreen 1 Font 24/Smallcaps Map View 50x35 Zoom Use 0% Tactical HUD 1 Map Filters NONE Filters NONE Steam 1 RUN: db3c41bf-9214-4e51-be59-00542180d528